 Dungeon Crawl Stone Soup version 0.27.0 (webtiles) character file.

Game seed: 11140187705094622361

3367 GnoME the Fighter (level 10, 0/66 HPs)
             Began as a Gargoyle Fighter on July 31, 2021.
             Was an Elder of Okawaru.
             Slain by an orc knight (12 damage)
             ... in a bailey.
             The game lasted 00:22:33 (9306 turns).

GnoME the Fighter (Gargoyle Fighter)                Turns: 9306, Time: 00:22:34

Health: 0/66       AC: 23    Str: 21    XL:     10   Next: 3%
Magic:  11/13      EV: 12    Int:  8    God:    Okawaru [****..]
Gold:   365        SH: 12    Dex: 14    Spells: 9/9 levels left

rFire    . . .     SeeInvis +   a - +9 broad axe "Ixaun" {holy, Str-3 Dex+5}
rCold    . . .     Faith    .   c - +0 kite shield
rNeg     + + .     Spirit   .   B - +0 plate armour
rPois    ∞         Reflect  .   (no helmet)
rElec    +         Harm     .   r - +0 cloak
rCorr    .         Rampage  .   (no gloves)
Will     .....                  (no boots)
Stlth    ..........             z - amulet of the acrobat
HPRegen  0.21/turn              b - ring "Pylua" {rN+ SInv}
MPRegen  0.13/turn              x - +4 ring of evasion

@: heroic
A: sickness immunity, AC +7, negative energy resistance 1, electricity
resistance, torment resistance 1, petrification resistance
a: Renounce Religion, Heroism


You were in a bailey.
You worshipped Okawaru.
Okawaru was greatly pleased with you.
You visited 2 branches of the dungeon, and saw 9 of its levels.
You also visited: Bailey.

You collected 365 gold pieces.

Inventory:

Hand Weapons
 a - the +9 broad axe "Ixaun" (weapon) {holy, Str-3 Dex+5}
   (You acquired it on level 7 of the Dungeon)

   It has been blessed by the Shining One to cause great damage to the undead
   and demons.
   Str:       It affects your strength (-3).
   Dex:       It affects your dexterity (+5).
Armour
 c - a +0 kite shield (worn)
 r - a +0 cloak (worn)
   (You found it on level 8 of the Dungeon)
 B - a +0 plate armour (worn)
   (You took it off an orc warrior on level 6 of the Dungeon)
Jewellery
 b - the ring "Pylua" (left hand) {rN+ SInv}
   (You acquired it on level 7 of the Dungeon)

   [ring of see invisible]

   rN:        It protects you from negative energy.
   SInv:      It lets you see invisible.
 h - a +6 ring of strength
   (You found it on level 4 of the Dungeon)
 x - a +4 ring of evasion (right hand)
   (You found it on level 5 of the Dungeon)
 z - an amulet of the acrobat (around neck)
   (You found it on level 6 of the Dungeon)
Wands
 q - a wand of polymorph (6)
   (You found it on level 4 of the Dungeon)
Scrolls
 d - a scroll of magic mapping
 f - a scroll of silence {unknown}
 g - 2 scrolls of summoning
 j - a scroll of noise {unknown}
 l - a scroll of blinking {unknown}
 o - 2 scrolls of enchant armour {unknown}
 p - 2 scrolls of enchant weapon {unknown}
 t - a scroll of teleportation {unknown}
 v - a scroll of vulnerability {unknown}
 w - a scroll of amnesia {unknown}
 y - 2 scrolls of fog {unknown}
 A - a scroll of torment {unknown}
Potions
 e - 2 potions of magic {unknown}
 i - a potion of berserk rage
 k - 2 potions of curing
 m - a potion of flight
 n - 2 potions of mutation
 s - 3 potions of brilliance {unknown}
 u - a potion of attraction {unknown}


   Skills:
 * Level 9.5(14.5) Fighting
 * Level 7.7(12.7) Axes
 - Level 6.1(11.1) Armour
 - Level 6.0(11.0) Shields
 + Level 4.1 Invocations


You had 9 spell levels left.
You didn't know any spells.
Your spell library contained the following spells:

 Spells                   Type           Power      Damage    Failure   Level
 Animate Skeleton         Necr           0%         N/A       100%        1
 Apportation              Tloc           0%         N/A       100%        1
 Corona                   Hex            0%         N/A       100%        1
 Summon Small Mammal      Summ           0%         N/A       100%        1
 Call Canine Familiar     Summ           0%         N/A       100%        3
 Portal Projectile        Hex/Tloc       0%         N/A       100%        3
 Stone Arrow              Conj/Erth      0%         3d7       100%        3
 Leda's Liquefaction      Hex/Erth       0%         N/A       100%        4
 Bolt of Magma            Conj/Fire/Erth 0%         4d4       100%        5
 Shatter                  Erth           0%         3d5*      100%        9


Dungeon Overview and Level Annotations

Branches:
Dungeon (8/15)             Temple (1/1) D:4          Bailey (1/1)
   Lair: D:8-11

Altars:
Ashenzari
Cheibriados
Dithmenos
Elyvilon
Fedhas
Gozag
Hepliaklqana
Kikubaaqudgha
Makhleb
Okawaru
Qazlal
Ru
Sif Muna
Uskayaw
Vehumet
Wu Jian
Xom
Yredelemnul
Zin
The Shining One

Annotations:
D:5 3 runed translucent doors, RandomTiles's ghost, novice HOFi


Innate Abilities, Weirdness & Mutations

You are immune to sickness and miasma.
Your stone body is resilient. (AC +7)
You are immune to poison.
You resist negative energy. (rN+)
You are resistant to electric shocks. (rElec)
You are resistant to unholy torment.
You are immune to petrification.


Message History

The orc knight completely misses you.
There is an open door here.
You start resting.
HP restored.
Health restored: 66 Unknown command.
The orc knight shouts!
There is an open door here.
The orc knight roars a battlecry!
The orcs go into a battle-frenzy!
The orc knight roars a battlecry!
The orc knight goes into a battle-frenzy!
The orc knight hits you from afar with a +0 halberd!!
You take 20 damage, and have 46/66 hp.
MASSIVE DAMAGE!!
There is an open door here.
There are monsters nearby!
You start resting.
An orc knight is nearby!
An orc knight is nearby!
You start resting.
HP restored.
Health restored: 66 The orc knight shouts!
The orc knight roars a battlecry!
The orcs go into a battle-frenzy!
There is an open door here.
The orc knight completely misses you. You block the orc knight's attack.
The orc warrior completely misses you.
The orc knight roars a battlecry!
As you open the door, it creaks loudly! You block the orc warrior's attack.
You block the orc knight's attack.
There is an open door here.
There is an open door here.
The orc knight closely misses you.
The orc knight hits you from afar with a +0 glaive!!
You take 23 damage, and have 43/66 hp.
MASSIVE DAMAGE!!
You block the orc knight's attack. The orc knight completely misses you.
The orc knight closely misses you.
There are monsters nearby!
The orc warrior closely misses you.
There are monsters nearby!
The orc knight roars a battlecry!
The orc warrior goes into a battle-frenzy!
The orc knight no longer looks unusually strong. x2
The orc knight roars a battlecry!
The orc knight goes into a battle-frenzy!
The orc knight roars a battlecry!
The orc knight goes into a battle-frenzy!
The orc knight no longer looks unusually strong.
The orc warrior no longer looks unusually strong.
The orc knight roars a battlecry!
The orc warrior goes into a battle-frenzy!
The orc knight no longer looks unusually strong.
The orc knight roars a battlecry!
The orc knight goes into a battle-frenzy!
The orc knight roars a battlecry!
The orc warrior no longer looks unusually strong.
The orc knight roars a battlecry!
The orc knight no longer looks unusually strong.
The orc knight roars a battlecry!
The orc knight goes into a battle-frenzy!
The orc knight no longer looks unusually strong.
The orc knight roars a battlecry!
The orc knight goes into a battle-frenzy!
The orc warrior no longer looks unusually strong.
The orc knight roars a battlecry!
The orc warrior goes into a battle-frenzy!
The orc knight no longer looks unusually strong.
The orc knight roars a battlecry!
The orc knight goes into a battle-frenzy!
The orc knight roars a battlecry!
The orc knight goes into a battle-frenzy!
The orc knight roars a battlecry!
The orc warrior goes into a battle-frenzy!
The orc knight no longer looks unusually strong. x2
The orc knight roars a battlecry!
The orc knight goes into a battle-frenzy!
The orc knight roars a battlecry!
The orc knight goes into a battle-frenzy!
The orc warrior no longer looks unusually strong.
The orc knight roars a battlecry!
The orc warrior goes into a battle-frenzy!
The orc knight no longer looks unusually strong.
The orc knight roars a battlecry!
The orc knight goes into a battle-frenzy!
Health restored: 66 You open the door.
An orc knight comes into view. It is wielding a +0 halberd.
The orc knight shouts!
The orc warrior no longer looks unusually strong.
There is an open door here.
The orc knight closely misses you.
The orc knight roars a battlecry!
The orcs go into a battle-frenzy!
You slash the orc knight!
The orc knight is moderately wounded.
You block the orc knight's attack. The orc knight closely misses you.
You slash the orc knight!
The orc knight is heavily wounded.
The orc knight hits you but does no damage.
You closely miss the orc knight.
The orc knight is heavily wounded.
The orc knight hits you with a +0 halberd!!!
Ouch! That really hurt!
You block the orc knight's attack.
You take 41 damage, and have 25/66 hp.
MASSIVE DAMAGE!!
You closely miss the orc knight.
The orc knight is heavily wounded.
You block the orc knight's attack.
Unknown command.
You hit the orc knight but do no damage.
The orc knight is heavily wounded.
You block the orc knight's attack.
Unknown command.
Okay, then.
You gain the combat prowess of a mighty hero.
The orc knight hits you with a +0 halberd!
* * * LOW HITPOINT WARNING * * *
You take 7 damage, and have 19/66 hp.
You now have 11/13 mp.
You barely miss the orc knight.
The orc knight is heavily wounded.
The orc knight barely misses you.
You barely miss the orc knight.
The orc knight is heavily wounded.
The orc knight completely misses you.
You hit the orc knight but do no damage.
The orc knight is heavily wounded.
The orc knight no longer looks unusually strong.
The orc knight roars a battlecry!
The orc knight goes into a battle-frenzy!
You slash the orc knight!
The orc knight is severely wounded.
The orc knight no longer looks unusually strong.
The orc knight closely misses you.
The orc knight roars a battlecry!
The orc knight goes into a battle-frenzy!
You hit the orc knight but do no damage.
The orc knight is severely wounded.
The orc knight no longer looks unusually strong.
You block the orc knight's attack.
The orc knight hits you with a +0 halberd!
* * * LOW HITPOINT WARNING * * *
You take 8 damage, and have 12/66 hp.
You slash the orc knight!
The orc knight is severely wounded.
The orc knight roars a battlecry!
The orc knight goes into a battle-frenzy!
The orc knight hits you with a +0 halberd!
You die...

##..≈≈≈≈≈≈≈..##
##..≈≈.)...≈≈..##
#..≈≈..###..≈≈..##########
..≈≈..##.##..≈≈..........#
≈≈≈.)##.∩.##..≈≈≈≈≈≈≈≈≈≈.#
....##.....##.......)).≈.#
####'###'#############.≈.#
..##.........##.....##.≈.#
.##..≈≈§≈≈≈§..#'@o.##..≈.#
##..≈≈....o≈≈..##.##..≈≈.#
#..≈≈..⌠∩⌠.o≈≈..#+#..≈≈.##
#..≈§.§.⌠..o≈≈..# #.)≈≈.∩#
##..§≈..§..≈≈..## ##).≈≈.#
.#'..≈§§≈§≈≈..## ##).≈.#
..##....§....##.$$$.##.≈.#
########+#############.≈.#
....## #####..≈.#


You could see 3 orc knights and an orc warrior (strong).

Vanquished Creatures
  A two-headed ogre (D:7)
  A manticore (D:7)
  2 water moccasins
  A sky beast (D:6)
  3 orc warriors
  A black bear (D:5)
  An ice beast (D:6)
  An ogre (D:6)
  2 centaurs
  5 scorpions
  A wyvern skeleton (D:6)
  A howler monkey (D:6)
  3 bullfrog zombies (D:5)
  4 jellies
  2 hounds
  2 orc priests
  A gnoll shaman (D:7)
  3 centaur skeletons (D:5)
  3 iguanas
  7 orc wizards
  Natasha (thrice) (D:4)
  A killer bee zombie (D:4)
  A howler monkey zombie (D:5)
  4 gnolls
  6 adders
  A white imp (D:6)
  29 orcs
  5 ball pythons
  5 bats
  3 endoplasms
  4 giant cockroaches
  11 goblins
  4 hobgoblins
  5 jackals
  7 kobolds
  4 quokkas
  3 frilled lizards
  4 rats
145 creatures vanquished.

Vanquished Creatures (others)
  5 fungi (D:1)
  8 plants (D:1)
13 creatures vanquished.

Grand Total: 158 creatures vanquished

Notes
Turn   | Place    | Note
-------+----------+-------------------------------------------
     0 | D:1      | GnoME the Gargoyle Fighter began the quest for the Orb.
     0 | D:1      | Reached XP level 1. HP: 14/14 MP: 1/1
   319 | D:1      | Reached XP level 2. HP: 19/19 MP: 2/2
   352 | D:1      | Found a faded altar of an unknown god.
  1084 | D:2      | Reached XP level 3. HP: 24/24 MP: 3/3
  1387 | D:2      | Reached skill level 4 in Fighting
  1387 | D:2      | Reached XP level 4. HP: 10/29 MP: 4/4
  2218 | D:3      | Reached XP level 5. HP: 29/34 MP: 5/5
  2899 | D:4      | Noticed Natasha
  2989 | D:4      | Killed Natasha
  3006 | D:4      | Reached XP level 6. HP: 35/40 MP: 6/6
  3051 | D:4      | Noticed Natasha
  3172 | D:4      | Killed Natasha
  3173 | D:4      | Reached skill level 5 in Fighting
  3436 | D:4      | Noticed Natasha
  3447 | D:4      | Killed Natasha
  3616 | D:4      | Found a staircase to the Ecumenical Temple.
  3649 | Temple   | Entered the Ecumenical Temple
  3771 | Temple   | Became a worshipper of Warmaster Okawaru
  4005 | D:5      | Entered Level 5 of the Dungeon
  4007 | D:5      | Noticed a water moccasin
  4015 | D:5      | Killed a water moccasin
  4016 | D:5      | Reached XP level 7. HP: 44/44 MP: 7/7
  4379 | D:5      | Reached * piety under Okawaru
  4536 | D:5      | Reached skill level 6 in Fighting
  4583 | D:5      | Reached skill level 5 in Armour
  5464 | D:5      | Reached skill level 5 in Shields
  5464 | D:5      | Reached XP level 8. HP: 46/52 MP: 8/8
  5520 | D:5      | Found a runed translucent gate.
  5520 | D:5      | Found a runed translucent gate.
  5520 | D:5      | Found a runed translucent gate.
  5520 | D:5      | Noticed RandomTiles's ghost (novice HOFi)
  5522 | D:5      | Found a basalt altar of Yredelemnul.
  5538 | D:5      | Reached skill level 5 in Axes
  5779 | D:6      | Found a stormy altar of Qazlal.
  5889 | D:6      | Reached ** piety under Okawaru
  5890 | D:6      | Reached skill level 7 in Fighting
  6380 | D:6      | Reached skill level 1 in Invocations
  6415 | D:6      | Reached XP level 9. HP: 36/58 MP: 8/10
  6729 | D:6      | Found a sacrificial altar of Ru.
  6946 | D:6      | Found a shimmering altar of Xom.
  7217 | D:7      | Reached *** piety under Okawaru
  7323 | D:6      | Reached skill level 8 in Fighting
  7471 | D:7      | Identified 2 scrolls of acquirement
  7477 | D:7      | Acquired the +9 broad axe "Ixaun" {holy, Str-3 Dex+5}
  7481 | D:7      | Acquired the ring "Pylua" {rN+ SInv}
  7487 | D:7      | Noticed a two-headed ogre
  7496 | D:7      | Killed a two-headed ogre
  7797 | D:7      | Found an ornate altar of the Wu Jian Council.
  8172 | D:8      | Noticed a manticore
  8319 | D:7      | Killed a manticore
  8319 | D:7      | Reached **** piety under Okawaru
  8320 | D:7      | Reached skill level 9 in Fighting
  8611 | D:8      | Found a flagged portal.
  8617 | Bailey   | Entered a bailey
  8666 | Bailey   | Reached XP level 10. HP: 62/66 MP: 11/13
  8835 | Bailey   | Noticed an orc knight
  8835 | Bailey   | Noticed an orc knight
  9292 | Bailey   | Noticed an orc knight
  9306 | Bailey   | Slain by an orc knight

Illustrated notes

Levels and vault maps discovered:
D:1:      mrwooster_arrival_statue_2, layout_basic,
          shapermc_ecumenical_altar_mp_urbaneastern
D:2:      layout_loops_ring
D:3:      layout_basic, st_stairs_13
D:4:      layout_rooms, minmay_temple_entry_stoned_glass, uniq_natasha
D:5:      layout_cave_pools, nicolae_yredelemnul_ghost_church
D:6:      layout_basic, general_overflow_altar, overflow_temple_1_default,
          dk_xom_monty_hall, dk_noncrumbling_2
D:7:      layout_rooms, nicolae_wu_jian_glorious_leap
D:8:      layout_loops_cross, enter_bailey_3
Temple:   regret_index_temple_waves
Bailey:   bailey_polearm_1, bailey

Skill      XL: |  1  2  3  4  5  6  7  8  9 |
---------------+----------------------------+-----
Axes           | 2 3 4 6 7 |  7.7
Fighting       | 4 5 6 7 9 |  9.5
Armour         | 4 5 6 |  6.1
Shields        | 4 5 6 |  6.0
Invocations    | 1 4 |  4.1

Action                   |  1- 3 |  4- 6 |  7- 9 | 10-12 || total
-------------------------+-------+-------+-------+-------++-------
Melee: War axe           |   124 |   153 |   227 |       ||   504
       Broad axe         |       |       |    29 |    27 ||    56
       Unarmed           |       |       |     3 |       ||     3
Invok: Heroism           |       |       |       |     1 ||     1
  Use: Potion            |     1 |       |     2 |       ||     3
       Scroll            |       |       |     9 |       ||     9
Armor: Scale mail        |    78 |   123 |   130 |       ||   331
       Plate armour      |       |       |    38 |     7 ||    45
Dodge: Dodged            |    49 |    57 |   117 |    24 ||   247
Block: Kite shield       |    83 |    97 |   190 |    22 ||   392
